TOP OF THE 1ST |
Grim Reapers batting - Pitching for Mancelona Torch : RHP Lucas Gameiro
|
Pitching: RHP Lucas Gameiro
|
|
Batting: LHB Lorenzo Ortíz
|
0-0: DOUBLE (Line Drive, 7LS, EV 95.6 MPH)
|
Batting: RHB Hayes Rutherford
|
0-0: Called Strike 0-1: Ball 1-1: Ball 2-1: Ball 3-1: Base on Balls
|
Batting: RHB Lonnie Doble
|
0-0: Called Strike 0-1: Called Strike 0-2: Foul Ball, location: 2F 0-2: Foul Ball, location: 2F 0-2: Foul Ball, location: 2F 0-2: Fly out, F8 (Flyball, 8RM, EV 82.5 MPH)
|
Batting: SHB Fernando Urby
|
0-0: Ball 1-0: Called Strike 1-1: Foul Ball, location: 2F 1-2: Ball 2-2: Foul Ball, location: 2F 2-2: 3-RUN HOME RUN (Flyball, 89XD, EV 91.2 MPH), Distance : 413 ft
|
Batting: LHB Lonnie Baker
|
0-0: Fly out, F5 (Popup, 5, EV 78.1 MPH)
|
Batting: SHB Tekkan Hayagawa
|
0-0: Ball 1-0: Foul Ball, location: 2F 1-1: Called Strike 1-2: Ground out 1-3 (Groundball, 23, EV 85.6 MPH)
|
Top of the 1st over - 3 runs, 2 hits, 0 errors, 0 left on base; Grim 3 - Mancelona 0 |
BOTTOM OF THE 1ST |
Mancelona Torch batting - Pitching for Grim Reapers : RHP Bill Tennant
|
Pitching: RHP Bill Tennant
|
|
Batting: RHB Thinley Tshering
|
0-0: Bunted foul 0-1: Ball 1-1: Ball 2-1: Ball 3-1: Fly out, F7 (Flyball, 7D, EV 100.0 MPH)
|
Batting: RHB Juan Barrón
|
0-0: Ball 1-0: Ball 2-0: Called Strike 2-1: Foul Ball, location: 2F 2-2: Ball 3-2: SINGLE (Flyball, 78S, EV 93.1 MPH)
|
Batting: LHB Diego Alejandro Ureña
|
0-0: Ball Juan Barrón steals 2nd base 1-0: Ball Juan Barrón steals 3rd base (no throw) 2-0: Called Strike 2-1: SINGLE (Line Drive, 89S, EV 90.0 MPH) Juan Barrón scores
|
Batting: RHB Cam Lumsden
|
0-0: Called Strike 0-1: Foul Ball, location: 2F 0-2: Strikes out swinging
|
Batting: SHB Silvio Capitanio
|
0-0: Foul Ball, location: 2F 0-1: Fly out, F9 (Flyball, 9S, EV 90.6 MPH)
|
Bottom of the 1st over - 1 run, 2 hits, 0 errors, 1 left on base; Grim 3 - Mancelona 1 |
TOP OF THE 2ND |
Grim Reapers batting - Pitching for Mancelona Torch : RHP Lucas Gameiro
|
Batting: RHB Alfred Coleman
|
0-0: Ball 1-0: Called Strike 1-1: Called Strike 1-2: Ground out 5-3 (Groundball, 56S, EV 84.4 MPH)
|
Batting: RHB Chi-eun Mun
|
0-0: Swinging Strike 0-1: Ball 1-1: Swinging Strike 1-2: DOUBLE (Flyball, 89D, EV 111.9 MPH)
|
Batting: RHB Cristo Mercado
|
0-0: Called Strike 0-1: Called Strike 0-2: Ball 1-2: Strikes out swinging
|
Batting: LHB Lorenzo Ortíz
|
0-0: Ball 1-0: Foul Ball, location: 2F 1-1: Foul Ball, location: 2F 1-2: Ball 2-2: Foul Ball, location: 2F 2-2: Foul Ball, location: 2F 2-2: SINGLE (Groundball, 34D, EV 96.2 MPH) Chi-eun Mun to third Runner from 3rd tries for Home, SAFE, throw by RF to home
|
Batting: RHB Hayes Rutherford
|
0-0: Called Strike 0-1: Ball 1-1: SINGLE (Groundball, 6D, EV 98.1 MPH) Lorenzo Ortíz to second
|
Batting: RHB Lonnie Doble
|
0-0: Ball 1-0: Called Strike 1-1: Ball 2-1: Foul Ball, location: 2F 2-2: Strikes out swinging
|
Top of the 2nd over - 1 run, 3 hits, 0 errors, 2 left on base; Grim 4 - Mancelona 1 |
BOTTOM OF THE 2ND |
Mancelona Torch batting - Pitching for Grim Reapers : RHP Bill Tennant
|
Batting: SHB César Enríques
|
0-0: Called Strike 0-1: Ground out 4-3 (Groundball, 34, EV 105.0 MPH)
|
Batting: LHB Jared Schneider
|
0-0: Called Strike 0-1: Ball 1-1: Swinging Strike 1-2: Ball 2-2: Fly out, F9 (Line Drive, 9, EV 94.4 MPH)
|
Batting: RHB Joe Havermeyer
|
0-0: Ball 1-0: Ball 2-0: Hit by Pitch
|
Batting: RHB Ángel Castro
|
0-0: Swinging Strike 0-1: Called Strike 0-2: Fielders Choice at 2nd, 6-4 (Groundball, 6, EV 85.0 MPH)
|
Bottom of the 2nd over - 0 runs, 0 hits, 0 errors, 1 left on base; Grim 4 - Mancelona 1 |
TOP OF THE 3RD |
Grim Reapers batting - Pitching for Mancelona Torch : RHP Lucas Gameiro
|
Batting: SHB Fernando Urby
|
0-0: Ball 1-0: Ball 2-0: Ball 3-0: Called Strike 3-1: SINGLE (Groundball, 56D, EV 101.2 MPH)
|
Batting: LHB Lonnie Baker
|
0-0: Called Strike 0-1: Swinging Strike 0-2: Ball 1-2: Ball 2-2: Ball 3-2: Foul Ball, location: 2F 3-2: Base on Balls Fernando Urby to second
|
Batting: SHB Tekkan Hayagawa
|
0-0: Fielders Choice at 2nd, 3-6 (Groundball, 34, EV 86.2 MPH) Fernando Urby to third
|
Batting: RHB Alfred Coleman
|
0-0: Ball 1-0: Foul Ball, location: 2F 1-1: Foul Ball, location: 2F 1-2: Strikes out looking
|
Batting: RHB Chi-eun Mun
|
0-0: Ball 1-0: Fly out, F9 (Flyball, 9LD, EV 78.8 MPH)
|
Top of the 3rd over - 0 runs, 1 hit, 0 errors, 2 left on base; Grim 4 - Mancelona 1 |
BOTTOM OF THE 3RD |
Mancelona Torch batting - Pitching for Grim Reapers : RHP Bill Tennant
|
Batting: RHB Thinley Tshering
|
0-0: Called Strike 0-1: Called Strike 0-2: Ball 1-2: Foul Ball, location: 2F 1-2: Foul Ball, location: 2F 1-2: Strikes out swinging, 2-3 out at first.
|
Batting: RHB Juan Barrón
|
0-0: Foul Ball, location: 2F 0-1: Swinging Strike 0-2: Ball 1-2: Fly out, F9 (Flyball, 9LMF, EV 86.2 MPH)
|
Batting: LHB Diego Alejandro Ureña
|
0-0: Ball 1-0: Foul Ball, location: 2F 1-1: Ball 2-1: Foul Ball, location: 2F 2-2: Ground out 4-3 (Groundball, 4, EV 85.0 MPH)
|
Bottom of the 3rd over - 0 runs, 0 hits, 0 errors, 0 left on base; Grim 4 - Mancelona 1 |
TOP OF THE 4TH |
Grim Reapers batting - Pitching for Mancelona Torch : RHP Lucas Gameiro
|
Batting: RHB Cristo Mercado
|
0-0: Ball 1-0: Foul Ball, location: 2F 1-1: Swinging Strike 1-2: Strikes out looking
|
Batting: LHB Lorenzo Ortíz
|
0-0: Foul Ball, location: 2F 0-1: Foul Ball, location: 2F 0-2: Strikes out swinging
|
Batting: RHB Hayes Rutherford
|
0-0: Ball 1-0: SINGLE (Groundball, 34, EV 81.9 MPH) (infield hit)
|
Batting: RHB Lonnie Doble
|
0-0: Ball 1-0: Foul Ball, location: 2F 1-1: Called Strike Hayes Rutherford steals 2nd base 1-2: Fly out, F5 (Flyball, 5D, EV 80.0 MPH)
|
Top of the 4th over - 0 runs, 1 hit, 0 errors, 1 left on base; Grim 4 - Mancelona 1 |
BOTTOM OF THE 4TH |
Mancelona Torch batting - Pitching for Grim Reapers : RHP Bill Tennant
|
Batting: RHB Cam Lumsden
|
0-0: Ball 1-0: Ball 2-0: Called Strike 2-1: Fly out, F7 (Flyball, 78D, EV 99.4 MPH)
|
Batting: SHB Silvio Capitanio
|
0-0: Swinging Strike 0-1: Ball 1-1: DOUBLE (Flyball, 8LXD, EV 91.9 MPH)
|
Batting: SHB César Enríques
|
0-0: Ball 1-0: Called Strike 1-1: Called Strike 1-2: Strikes out swinging
|
Batting: LHB Jared Schneider
|
0-0: Called Strike 0-1: Ball 1-1: Fly out, F9 (Line Drive, 9, EV 101.9 MPH)
|
Bottom of the 4th over - 0 runs, 1 hit, 0 errors, 1 left on base; Grim 4 - Mancelona 1 |
TOP OF THE 5TH |
Grim Reapers batting - Pitching for Mancelona Torch : RHP Lucas Gameiro
|
Batting: SHB Fernando Urby
|
0-0: Fly out, F8 (Flyball, 8LD, EV 101.9 MPH)
|
Pitching: LHP Jian-gun Lin
|
|
Batting: LHB Lonnie Baker
|
0-0: Foul Ball, location: 2F 0-1: Foul Ball, location: 2F 0-2: Ball 1-2: Foul Ball, location: 2F 1-2: Ball 2-2: Ball 3-2: Foul Ball, location: 2F 3-2: Strikes out looking
|
Batting: SHB Tekkan Hayagawa
|
0-0: Called Strike 0-1: SINGLE (Flyball, 7LS, EV 95.6 MPH)
|
Batting: RHB Alfred Coleman
|
0-0: Fly out, F9 (Flyball, 9, EV 92.5 MPH)
|
Top of the 5th over - 0 runs, 1 hit, 0 errors, 1 left on base; Grim 4 - Mancelona 1 |
BOTTOM OF THE 5TH |
Mancelona Torch batting - Pitching for Grim Reapers : RHP Bill Tennant
|
Batting: RHB Joe Havermeyer
|
0-0: Called Strike 0-1: Called Strike 0-2: Strikes out looking
|
Batting: RHB Ángel Castro
|
0-0: Ground out 4-3 (Groundball, 4M, EV 89.4 MPH)
|
Batting: RHB Thinley Tshering
|
0-0: Ball 1-0: Ball 2-0: Ball 3-0: Base on Balls
|
Batting: RHB Juan Barrón
|
0-0: Ball 1-0: Ball Wild Pitch! Thinley Tshering to second 2-0: Called Strike 2-1: Ball 3-1: SINGLE (Line Drive, 8LS, EV 105.6 MPH) Thinley Tshering to third Runner from 3rd tries for Home, throw by CF and OUT! 8-2
|
Bottom of the 5th over - 0 runs, 1 hit, 0 errors, 1 left on base; Grim 4 - Mancelona 1 |
TOP OF THE 6TH |
Grim Reapers batting - Pitching for Mancelona Torch : LHP Jian-gun Lin
|
Batting: RHB Chi-eun Mun
|
0-0: Called Strike 0-1: Ball 1-1: Called Strike 1-2: Foul Ball, location: 2F 1-2: Ground out 5-3 (Groundball, 56S, EV 85.0 MPH)
|
Batting: RHB Cristo Mercado
|
0-0: Called Strike 0-1: Ball 1-1: Foul Ball, location: 2F 1-2: Strikes out swinging
|
Batting: LHB Lorenzo Ortíz
|
0-0: Foul Ball, location: 2F 0-1: Ball 1-1: Reached on error, E7 (Line Drive, 7D, EV 82.5 MPH)
|
Batting: RHB Hayes Rutherford
|
0-0: Called Strike 0-1: Ball 1-1: Ground out 5-3 (Groundball, 56, EV 105.6 MPH)
|
Top of the 6th over - 0 runs, 0 hits, 1 error, 1 left on base; Grim 4 - Mancelona 1 |
BOTTOM OF THE 6TH |
Mancelona Torch batting - Pitching for Grim Reapers : RHP Bill Tennant
|
Batting: LHB Diego Alejandro Ureña
|
0-0: Foul Ball, location: 2F 0-1: SINGLE (Line Drive, 6MD, EV 108.1 MPH)
|
Batting: RHB Cam Lumsden
|
0-0: Ball 1-0: Called Strike 1-1: Swinging Strike 1-2: SINGLE (Line Drive, 7S, EV 98.8 MPH) Diego Alejandro Ureña to second
|
Batting: SHB Silvio Capitanio
|
0-0: Foul Ball, location: 2F 0-1: Ball 1-1: Fly out, F7 (Flyball, 7LM, EV 98.8 MPH) Runner from 2nd tags up, SAFE at 3rd with throw by LF
|
Batting: SHB César Enríques
|
0-0: Called Strike 0-1: Called Strike 0-2: Foul Ball, location: 2F 0-2: Ball 1-2: Foul Ball, location: 2F 1-2: Strikes out swinging
|
Pitching: RHP John Weaver
|
|
Batting: LHB Jared Schneider
|
0-0: Called Strike 0-1: Ball 1-1: Called Strike 1-2: Strikes out looking
|
Bottom of the 6th over - 0 runs, 2 hits, 0 errors, 2 left on base; Grim 4 - Mancelona 1 |
TOP OF THE 7TH |
Grim Reapers batting - Pitching for Mancelona Torch : LHP Jian-gun Lin
|
Batting: RHB Lonnie Doble
|
0-0: Called Strike 0-1: Called Strike 0-2: Strikes out swinging
|
Batting: SHB Fernando Urby
|
0-0: Fly out, F8 (Flyball, 8RM, EV 88.1 MPH)
|
Batting: LHB Lonnie Baker
|
0-0: Ball 1-0: Fly out, F8 (Line Drive, 8RD, EV 94.4 MPH)
|
Top of the 7th over - 0 runs, 0 hits, 0 errors, 0 left on base; Grim 4 - Mancelona 1 |
BOTTOM OF THE 7TH |
Mancelona Torch batting - Pitching for Grim Reapers : RHP John Weaver
|
Batting: RHB Joe Havermeyer
|
0-0: Called Strike 0-1: Called Strike 0-2: Ball 1-2: Ball 2-2: Strikes out looking
|
Batting: RHB Ángel Castro
|
0-0: Called Strike 0-1: Ball 1-1: Ball 2-1: Ball 3-1: Called Strike 3-2: Foul Ball, location: 2F 3-2: Base on Balls
|
Batting: RHB Thinley Tshering
|
0-0: Called Strike Ángel Castro steals 2nd, throwing error, E2 Ángel Castro to third 0-1: Ball 1-1: Fly out, F8 (Flyball, 89S, EV 92.5 MPH)
|
Batting: RHB Juan Barrón
|
0-0: Foul Ball, location: 2F 0-1: Ball 1-1: Called Strike 1-2: Foul Ball, location: 2F 1-2: Strikes out looking
|
Bottom of the 7th over - 0 runs, 0 hits, 1 error, 1 left on base; Grim 4 - Mancelona 1 |
TOP OF THE 8TH |
Grim Reapers batting - Pitching for Mancelona Torch : LHP Jian-gun Lin
|
Batting: SHB Tekkan Hayagawa
|
0-0: Ball 1-0: Ball 2-0: Ball 3-0: Base on Balls
|
Pitching: RHP George Kipcak
|
|
Batting: RHB Alfred Coleman
|
0-0: Called Strike 0-1: Called Strike 0-2: Ball 1-2: Foul Ball, location: 2F 1-2: Ball 2-2: Ball 3-2: Fielders Choice at 2nd, 6-4 (Groundball, 6, EV 88.1 MPH)
|
Batting: RHB Chi-eun Mun
|
0-0: Fielders Choice at 2nd, 6-4 (Groundball, 6, EV 78.8 MPH)
|
Batting: RHB Cristo Mercado
|
0-0: Ball 1-0: SINGLE (Line Drive, 6MD, EV 94.4 MPH) Chi-eun Mun to second Runner from 2nd tries for 3rd, SAFE, no throw by CF
|
Batting: LHB Lorenzo Ortíz
|
0-0: Ball 1-0: Ball 2-0: Ground out 4-3 (Groundball, 4, EV 86.9 MPH)
|
Top of the 8th over - 0 runs, 1 hit, 0 errors, 2 left on base; Grim 4 - Mancelona 1 |
BOTTOM OF THE 8TH |
Mancelona Torch batting - Pitching for Grim Reapers : RHP John Weaver
|
Batting: LHB Diego Alejandro Ureña
|
0-0: Called Strike 0-1: Ball 1-1: Foul Ball, location: 2F 1-2: Ground out 4-3 (Groundball, 4D, EV 107.5 MPH)
|
Batting: RHB Cam Lumsden
|
0-0: Called Strike 0-1: Ball 1-1: Fly out, F3 (Popup, 3SF, EV 75.6 MPH)
|
Batting: SHB Silvio Capitanio
|
0-0: Ball 1-0: Ball 2-0: Called Strike 2-1: Foul Ball, location: 2F 2-2: Strikes out swinging
|
Bottom of the 8th over - 0 runs, 0 hits, 0 errors, 0 left on base; Grim 4 - Mancelona 1 |
TOP OF THE 9TH |
Grim Reapers batting - Pitching for Mancelona Torch : RHP George Kipcak
|
Batting: RHB Hayes Rutherford
|
0-0: Ball 1-0: Called Strike 1-1: Fly out, F8 (Flyball, 8RM, EV 90.0 MPH)
|
Batting: RHB Lonnie Doble
|
0-0: Foul Ball, location: 2F 0-1: Ball 1-1: Swinging Strike 1-2: Strikes out looking
|
Batting: SHB Fernando Urby
|
0-0: Called Strike 0-1: Ball 1-1: Ball 2-1: Foul Ball, location: 2F 2-2: Ground out 4-3 (Groundball, 4, EV 100.6 MPH)
|
Top of the 9th over - 0 runs, 0 hits, 0 errors, 0 left on base; Grim 4 - Mancelona 1 |
BOTTOM OF THE 9TH |
Mancelona Torch batting - Pitching for Grim Reapers : RHP John Weaver
|
Pitching: RHP Charlie Bottari
|
|
Batting: SHB César Enríques
|
0-0: Ball 1-0: Ball 2-0: Called Strike 2-1: Swinging Strike 2-2: SINGLE (Groundball, 4D, EV 102.5 MPH)
|
Batting: LHB Jared Schneider
|
0-0: Called Strike 0-1: Foul Ball, location: 2F 0-2: Strikes out swinging
|
Batting: RHB Joe Havermeyer
|
0-0: Called Strike 0-1: Foul Ball, location: 2F 0-2: Foul Ball, location: 2F 0-2: Ball Wild Pitch! César Enríques to second 1-2: SINGLE (Line Drive, 89S, EV 106.2 MPH) César Enríques to third
|
Pinch Hitting: RHB Aguostinho Antunes
|
0-0: Ball 1-0: Called Strike 1-1: Swinging Strike 1-2: Strikes out swinging
|
Batting: RHB Thinley Tshering
|
0-0: Ball 1-0: Foul Ball, location: 2F 1-1: Ball Passed Ball! César Enríques scores Joe Havermeyer to second 2-1: Swinging Strike 2-2: Strikes out swinging
|
Bottom of the 9th over - 1 run, 2 hits, 0 errors, 1 left on base; Grim 4 - Mancelona 2 |
|